Map: Romanticide LE

Players

Maru - Winner!

  • Race: Terran Terran
  • Spawn Location: 11:00

Rogue

  • Race: Zerg Zerg
  • Spawn Location: 5:00

Event: IEM Katowice 2021

VOD

Have the link to the VOD?

Description

Time

  • Played on: Feb. 27, 2021, 10:31 a.m.
  • Length: 17:03

All games in this series

Show
View Real Time Build Order
Export as new Build Order

Maru Terran - Winner!

Build Orders:  

Get SALT Encoding   

  12  0:00  SCV  
  13  0:12  SCV  
  14  0:19  Supply Depot  
  14  0:24  SCV  
  15  0:41  Barracks  
  15  0:48  Barracks  
  15  0:52  SCV  
  16  1:04  SCV  
  16  1:06  Refinery  
  17  1:16  SCV  
  18  1:28  Marine, Orbital Command  
  19  1:35  Marine  
  19  1:36  Supply Depot  
  20  1:46  Marine  
  21  1:53  Marine  
  21  1:54  SCV  
  23  1:59  Bunker  
  23  2:03  Marine  
  23  2:08  Factory  
  24  2:09  SCV  
  25  2:21  SCV  
  23  2:30  Marine  
  23  2:31  Marine  
  23  2:33  SCV  
  26  2:42  Command Center  
  26  2:48  SCV  
  27  2:57  Factory Reactor  
  27  3:00  SCV  
  27  3:01  Refinery  
  27  3:04  Starport  
  28  3:11  Supply Depot  
  28  3:13  SCV  
  29  3:25  SCV  
  30  3:34  Hellion x2  
  30  3:39  SCV  
  35  3:42  Barracks Tech Lab  
  35  3:46  Medivac  
  37  3:49  Barracks Reactor  
  37  3:51  SCV  
  38  3:56  Hellion x2  
  42  4:03  SCV  
  42  4:04  Supply Depot  
  42  4:05  Stimpack  
  43  4:15  SCV, Orbital Command  
  44  4:25  Marine x2  
  44  4:26  Marine, Factory Tech Lab  
  44  4:28  SCV  
  48  4:35  Supply Depot  
  48  4:40  SCV  
  48  4:43  Marine  
  48  4:45  Siege Tank  
  53  4:46  SCV  
  53  4:48  Marine  
  53  4:52  SCV, Marine  
  57  4:58  SCV  
  57  4:59  Medivac  
  60  5:04  SCV  
  61  5:10  SCV  
  61  5:11  Marine  
  60  5:16  SCV  
  60  5:19  Marine  
  60  5:22  SCV  
  60  5:26  Supply Depot  
  60  5:27  Marine  
  62  5:39  Supply Depot  
  62  5:40  Supply Depot  
  62  5:45  Combat Shield  
  62  5:56  Refinery  
  62  6:00  Medivac x2, Marine x2  
  62  6:01  SCV x2, Marine  
  71  6:09  Siege Tank  
  74  6:13  SCV x2  
  74  6:14  Supply Depot  
  76  6:18  Marine x2  
  78  6:29  Supply Depot  
  78  6:35  Marine  
  78  6:36  SCV x2, Marine  
  78  6:38  Command Center  
  82  6:48  SCV x2  
  84  6:55  Marine  
  84  7:00  SCV x2  
  87  7:03  Engineering Bay x2  
  87  7:06  Siege Tank  
  90  7:12  SCV x2  
  91  7:17  Medivac  
  91  7:20  Barracks  
  91  7:22  Barracks  
  90  7:24  SCV x2  
  90  7:25  Marine x2  
  93  7:31  Barracks  
  93  7:32  Marine  
  93  7:36  SCV  
  94  7:41  SCV  
  94  7:45  Terran Infantry Weapons Level 1, Terran Infantry Armor Level 1  
  94  7:47  Supply Depot, Refinery  
  94  7:49  Supply Depot  
  94  7:50  SCV, Marine  
  93  7:53  SCV, Marine x2  
  93  7:55  Orbital Command  
  96  8:00  Missile Turret  
  96  8:02  SCV, Missile Turret  
  97  8:05  SCV  
  97  8:07  Marine  
  97  8:11  Marine, Barracks Reactor x2  
  94  8:14  SCV  
  94  8:17  SCV  
  94  8:18  Barracks Reactor, Missile Turret  
  94  8:19  Missile Turret  
  93  8:23  Orbital Command  
  93  8:25  Marine  
  93  8:26  SCV  
  97  8:27  Siege Tank  
  97  8:30  SCV  
  98  8:38  SCV  
  99  8:42  SCV  
  99  8:48  Marine x2, Missile Turret  
  102  8:50  SCV x2  
  102  8:52  Armory  
  102  8:54  SCV  
  105  8:57  Marine x4  
  105  8:58  Marine x2  
  105  9:02  SCV, Siege Tank  
  111  9:04  SCV  
  108  9:12  Marine  
  108  9:15  Marine x3  
  104  9:18  SCV x3  
  104  9:22  Medivac x2  
  110  9:25  Marine x4  
  110  9:26  Marauder, Command Center  
  110  9:30  SCV, Marine  
  110  9:31  Supply Depot  
  118  9:33  Marine x3  
  118  9:34  Factory  
  121  9:39  SCV  
  121  9:42  SCV  
  121  9:43  Marine x3  
  121  9:44  SCV  
  125  9:52  SCV  
  125  9:53  Supply Depot  
  125  9:54  Supply Depot  
  125  9:55  SCV  
  125  9:56  SCV  
  125  9:58  Medivac x2  
  129  10:00  Marauder  
  129  10:03  Terran Infantry Armor Level 2, Terran Infantry Weapons Level 2  
  129  10:06  SCV  
  133  10:07  SCV  
  133  10:10  Supply Depot  
  133  10:11  Supply Depot x2  
  133  10:15  Thor, Drilling Claws  
  133  10:20  SCV  
  133  10:21  SCV  
  139  10:26  SCV  
  140  10:33  Marine, Refinery  
  140  10:34  Marauder, Marine x6  
  140  10:35  Medivac, Marine, Factory Reactor  
  152  10:51  Marine, Missile Turret  
  152  10:52  Missile Turret  
  153  11:02  SCV  
  154  11:07  SCV  
  154  11:08  Marine x4  
  154  11:09  Marauder  
  154  11:10  Thor, Marine  
  154  11:11  Marine x3  
  166  11:14  Supply Depot  
  166  11:15  SCV x2, Barracks x2  
  166  11:16  Barracks  
  168  11:19  SCV  
  169  11:25  Planetary Fortress  
  169  11:26  Marine  
  169  11:27  SCV  
  169  11:30  Marauder  
  169  11:32  Marine x4, Refinery x2  
  177  11:35  Missile Turret  
  177  11:38  Refinery  
  177  11:44  Missile Turret  
  177  11:48  Missile Turret  
  177  11:51  Marauder  
  179  11:55  Widow Mine x2  
  179  11:57  Marine  
  181  12:05  Missile Turret x2  
  181  12:06  Missile Turret x2, Barracks Tech Lab x3  
  181  12:08  Command Center  
  181  12:13  Marauder, Sensor Tower  
  181  12:14  Missile Turret  
  181  12:15  Missile Turret  
  183  12:16  Armory  
  183  12:29  Widow Mine x2  
  187  12:34  Marauder  
  189  12:41  SCV  
  189  12:43  Marine x2  
  189  12:44  Marauder, Marine x2  
  188  12:52  Missile Turret  
  188  12:53  Marine x3, Missile Turret  
  191  13:00  Missile Turret  
  191  13:12  Marauder x2, Marine  
  196  13:17  Sensor Tower  
  196  13:19  Terran Infantry Weapons Level 3, Terran Infantry Armor Level 3  
  196  13:20  Marauder, Marine x2  
  196  13:21  Terran Vehicle Weapons Level 1  
  198  13:27  Marine  
  198  13:28  Marauder  
  195  13:36  Marauder, Marine  
  195  13:37  Marauder  
  195  13:38  Missile Turret x2  
  195  13:40  Marine, Missile Turret  
  182  13:42  Marauder  
  182  13:43  Command Center  
  184  13:48  Marine  
  184  13:49  Marauder  
  184  13:51  SCV x3  
  184  13:53  Medivac x2  
  194  13:58  Marauder  
  194  14:01  Marauder  
  185  14:07  Marauder, Marine x2  
  185  14:08  Thor  
  185  14:09  Widow Mine x2  
  161  14:10  Marauder  
  161  14:15  SCV x3  
  157  14:25  Planetary Fortress  
  157  14:27  SCV  
  157  14:28  Missile Turret  
  157  14:30  Missile Turret  
  158  14:35  SCV x2  
  160  14:40  Marauder x2, Marine  
  160  14:44  Marauder x2  
  165  14:54  Thor  
  165  14:55  Widow Mine x2  
  175  15:02  Marauder  
  173  15:07  Missile Turret  
  173  15:11  Marauder x2  
  173  15:13  Barracks Reactor x2  
  177  15:20  Sensor Tower  
  177  15:22  Marine x2, Barracks Tech Lab  
  177  15:23  Marauder, Marine x2  
  183  15:32  Marauder x2  
  187  15:37  Thor  
  187  15:38  Concussive Shells  
  187  15:42  Medivac  
  193  16:09  Marauder, Marine  
  193  16:10  Marauder  
  198  16:11  Missile Turret, Planetary Fortress  
  198  16:12  Missile Turret  
  198  16:13  Marine x2, Missile Turret x2  
  198  16:15  Missile Turret  
  200  16:22  Marauder x2, Marine x3  
  179  16:27  Marine x3  
  179  16:31  Marauder x2  
  186  16:36  Marine  
  154  16:40  Marine  
  154  16:42  Widow Mine x2, SCV  
  154  16:46  SCV x2, Refinery  
Show
View Real Time Build Order
Export as new Build Order

Rogue Zerg 

Build Orders: Hatch First, Muta Ling Bane 

Get SALT Encoding   

  12  0:00  Drone  
  13  0:11  Overlord  
  13  0:16  Drone  
  14  0:30  Drone x2  
  16  0:48  Hatchery  
  15  0:50  Drone  
  15  0:53  Drone  
  18  0:57  Drone  
  18  1:08  Extractor  
  17  1:12  Spawning Pool  
  17  1:15  Drone  
  17  1:18  Drone  
  18  1:28  Drone  
  19  1:59  Zergling x4  
  19  2:00  Zergling x4, Queen x2  
  27  2:12  Zergling x2  
  27  2:15  Drone  
  28  2:21  Drone  
  28  2:22  Drone  
  25  2:32  Overlord  
  25  2:33  Drone  
  26  2:42  Drone  
  26  2:44  Drone  
  28  2:54  Drone x2  
  30  3:03  Drone  
  31  3:09  Drone x5  
  31  3:12  Metabolic Boost  
  36  3:19  Overlord  
  36  3:21  Overlord  
  36  3:38  Drone  
  36  3:39  Drone x4  
  36  3:41  Drone  
  42  3:48  Hatchery  
  41  3:51  Drone  
  42  3:56  Queen  
  42  4:02  Drone x3  
  47  4:08  Lair  
  47  4:12  Drone  
  47  4:13  Overlord  
  48  4:19  Zergling x6  
  48  4:20  Zergling x2  
  48  4:23  Overlord  
  51  4:32  Zergling x2  
  51  4:33  Zergling x4, Queen  
  51  4:37  Zergling x2  
  57  4:40  Zergling x2  
  57  4:43  Zergling x4  
  57  4:44  Zergling x4  
  62  4:52  Zergling x8  
  63  5:03  Zergling x4  
  54  5:07  Zergling x2  
  53  5:16  Drone x5  
  58  5:22  Drone x5  
  62  5:30  Drone  
  62  5:33  Drone x2  
  63  5:41  Drone  
  64  5:45  Drone x2  
  66  5:54  Extractor  
  66  5:55  Extractor, Drone x3  
  66  5:56  Extractor, Drone x5  
  71  6:01  Drone  
  72  6:08  Drone x2, Spire  
  72  6:09  Overlord  
  73  6:16  Drone  
  73  6:17  Overlord x2  
  73  6:26  Baneling Nest  
  73  6:31  Zergling x14, Extractor x2  
  76  6:38  Drone x3  
  79  6:45  Zergling x12  
  85  6:47  Zergling x2  
  85  6:49  Zergling x2  
  87  6:55  Zergling x6  
  87  6:56  Zergling x2  
  91  7:03  Overlord  
  91  7:07  Overlord  
  85  7:22  Mutalisk x6  
  80  7:24  Mutalisk  
  80  7:29  Mutalisk  
  88  7:39  Mutalisk  
  88  7:43  Mutalisk  
  89  7:44  Zergling x2  
  89  7:45  Zergling x2  
  89  7:47  Mutalisk  
  84  7:53  Mutalisk  
  84  7:54  Zergling x8  
  88  7:59  Mutalisk  
  87  8:06  Mutalisk  
  87  8:11  Zergling x10  
  87  8:16  Queen  
  87  8:19  Zerg Flyer Weapons Level 1  
  89  8:21  Drone x2  
  89  8:24  Drone  
  91  8:29  Drone  
  91  8:30  Drone x2  
  94  8:37  Drone  
  94  8:38  Evolution Chamber  
  94  8:39  Evolution Chamber  
  93  8:43  Queen  
  93  8:45  Drone x2  
  97  8:49  Overlord  
  97  8:52  Drone x2  
  97  8:53  Drone  
  97  8:54  Drone  
  101  9:02  Drone x5  
  97  9:10  Mutalisk x3  
  97  9:17  Centrifical Hooks  
  97  9:18  Zergling x2  
  97  9:19  Zergling x4  
  97  9:24  Zerg Ground Armor Level 1  
  100  9:27  Zerg Melee Weapons Level 1  
  100  9:31  Mutalisk  
  100  9:32  Mutalisk x2  
  100  9:36  Zergling x6  
  109  9:42  Mutalisk x2  
  113  9:49  Hatchery  
  112  9:53  Overlord  
  112  9:56  Mutalisk  
  112  9:57  Overlord  
  112  9:58  Overlord  
  114  10:02  Baneling x6  
  114  10:12  Drone  
  114  10:13  Drone x7  
  122  10:15  Overlord  
  122  10:21  Overlord  
  122  10:24  Drone x5  
  122  10:26  Zerg Flyer Weapons Level 2  
  127  10:31  Pneumatized Carapace  
  127  10:33  Overseer x2  
  127  10:35  Drone x4  
  131  10:37  Mutalisk  
  131  10:42  Mutalisk x2  
  133  10:45  Zergling x4  
  133  10:48  Zergling x4  
  141  10:51  Zergling x8  
  141  10:56  Zergling x6  
  148  11:00  Overlord  
  148  11:03  Zergling x2  
  146  11:12  Drone x2, Queen  
  146  11:17  Zergling x16  
  158  11:22  Overlord  
  158  11:27  Zerg Ground Armor Level 2  
  158  11:28  Hatchery, Zerg Melee Weapons Level 2  
  158  11:31  Baneling  
  158  11:32  Baneling x13  
  157  11:35  Burrow  
  157  11:37  Zergling x8  
  161  11:42  Zergling x8  
  161  11:43  Zergling x2  
  166  11:54  Zergling x18  
  166  11:56  Zergling x2  
  166  11:57  Overlord  
  166  12:01  Hatchery  
  175  12:03  Infestation Pit  
  172  12:09  Overlord x2  
  172  12:10  Zergling x6  
  172  12:14  Zergling x2  
  176  12:17  Overlord x2  
  176  12:18  Zergling x2  
  176  12:19  Zergling x8  
  176  12:20  Zergling x2  
  180  12:26  Zergling x2  
  180  12:27  Zergling x6  
  184  12:30  Zergling x4  
  184  12:34  Zergling x6  
  188  12:43  Hive  
  182  12:44  Zerg Flyer Armor Level 1  
  182  12:46  Zergling x10  
  182  12:47  Baneling x11  
  182  12:48  Baneling x15  
  187  12:51  Drone  
  187  12:52  Drone x3  
  187  12:54  Drone x2  
  187  12:55  Drone x2  
  195  13:03  Drone x2  
  195  13:05  Zergling x2  
  198  13:06  Zergling x2  
  198  13:08  Baneling  
  198  13:09  Zergling x2, Baneling x5  
  198  13:11  Baneling  
  198  13:12  Baneling x15  
  200  13:15  Baneling x2  
  195  13:30  Mutalisk x5  
  195  13:32  Mutalisk  
  196  13:34  Zergling x4  
  196  13:36  Baneling x3  
  182  13:45  Zergling x28  
  190  13:56  Hatchery  
  190  14:01  Zergling x2  
  178  14:08  Zergling x20  
  163  14:12  Ultralisk Cavern  
  163  14:14  Adrenal Glands  
  160  14:18  Hatchery  
  160  14:20  Hatchery  
  158  14:27  Baneling  
  158  14:35  Zergling x2  
  158  14:36  Zergling x6  
  158  14:37  Zergling x2  
  158  14:38  Zergling x8  
  166  14:42  Zergling x6  
  168  14:48  Zergling x8  
  168  14:51  Drone  
  168  14:52  Drone x3  
  176  14:53  Drone  
  176  14:56  Drone x2  
  179  15:06  Chitinous Plating  
  177  15:09  Ultralisk  
  183  15:14  Drone  
  183  15:18  Baneling x10  
  183  15:20  Zergling x10  
  189  15:22  Unknown  
  189  15:23  Zergling x2  
  189  15:31  Ultralisk  
  195  15:36  Zergling x6  
  195  15:37  Zergling x4  
  199  15:46  Baneling x2  
  199  15:47  Baneling x8  
  199  15:48  Baneling  
  199  15:53  Hatchery  
  198  16:04  Overlord  
  196  16:09  Baneling x14  
  196  16:13  Hatchery  
  196  16:14  Baneling x3  
  196  16:15  Zergling x2  
  196  16:18  Baneling x3  
  172  16:27  Zergling x32  
  172  16:29  Baneling  
  172  16:30  Baneling x5  
  184  16:38  Zergling x18  
  156  16:42  Zergling x8  
  156  16:44  Baneling x2  
  156  16:45  Baneling  

Tags
 
Add a new tag
Caveats
  • Supply blocks, unpowered buildings, or Contaminate may cause inaccurate times.
  • Supply counts are checked every 10 seconds.